 Dungeon Crawl Stone Soup version 0.31-a0-187-gba352fbbf7 (webtiles) character file.

Game seed: 15469363488944722479

184 qw the Skirmisher (level 5, -6/29 HPs)
             Began as a Deep Elf Hunter on June 22, 2023.
             Mangled by Edmund
             ... wielding a +3 dire flail of protection
              (7 damage)
             ... on level 4 of the Dungeon.
             The game lasted 00:00:53 (1834 turns).

qw the Skirmisher (Deep Elf Hunter)                 Turns: 1834, Time: 00:00:54

Health: -6/29      AC:  9    Str: 10    XL:     5   Next: 36%
Magic:  7/7        EV: 13    Int: 14    God:
Gold:   217        SH:  0    Dex: 24    Spells: 4/4 levels left

rFire   . . .        Y - +0 shortbow
rCold   . . .        (shield currently unavailable)
rNeg    . . .        g - +3 leather armour
rPois   .            (no helmet)
rElec   .            b - +2 cloak
rCorr   .            (no gloves)
SInv    .            (no boots)
Will    .....        (no amulet)
Stlth   ++           a - +6 ring of dexterity
HPRegen 0.24/turn    (no ring)
MPRegen 0.10/turn

%: no passive effects
@: about to teleport
A: no striking features
a: no special abilities


You were on level 4 of the Dungeon.
You visited 1 branch of the dungeon, and saw 4 of its levels.

You collected 217 gold pieces.


   Skills:
 - Level 1.5 Fighting
 + Level 8.5 Ranged Weapons
 - Level 3.2 Dodging
 - Level 1.2 Stealth


You had 4 spell levels left.
You didn't know any spells.
Your spell library was empty.

Inventory:

Hand Weapons
 Y - a +0 shortbow (weapon)
Armour
 b - a +2 cloak (worn)
 g - a +3 leather armour (worn)
Jewellery
 a - a +6 ring of dexterity (left hand)
Wands
 n - a wand of digging (2)
Scrolls
 c - a scroll of identify
 i - a scroll of teleportation
Potions
 d - a potion of resistance
 e - 2 potions of curing
 f - a potion of ambrosia {unknown}
 j - a potion of mutation {unknown}
 k - a potion of enlightenment

Dungeon Overview and Level Annotations

Branches:
Dungeon (4/15)
 Temple: D:4-7

Altars:

Annotations:
D:4 Edmund


Message History

You shoot an arrow. The arrow hits Edmund.
Edmund is heavily wounded.
Edmund hits you with a +3 dire flail of protection.
You shoot an arrow. The arrow barely misses Edmund.
Edmund hits you with a +3 dire flail of protection.
You shoot an arrow.
The arrow hits Edmund but does no damage.
Edmund is heavily wounded.
Edmund hits you with a +3 dire flail of protection.
You shoot an arrow. The arrow hits Edmund!
Edmund is severely wounded.
Edmund says, "A flail is better than a scythe, any day of the week!"
Edmund closely misses you.
You shoot an arrow. The arrow barely misses Edmund.
Edmund barely misses you.
You shoot an arrow. The arrow hits Edmund.
Edmund is almost dead.
Edmund hits you with a +3 dire flail of protection!
You shoot an arrow.
The arrow hits Edmund but does no damage.
Edmund is almost dead.
Edmund hits you with a +3 dire flail of protection.
You shoot an arrow. The arrow barely misses Edmund.
Edmund closely misses you.
You shoot an arrow. The arrow hits Edmund.
Edmund is almost dead.
Edmund barely misses you.
You shoot an arrow.
The arrow hits Edmund but does no damage.
Edmund is almost dead.
Edmund barely misses you.
You shoot an arrow.
The arrow hits Edmund but does no damage.
Edmund is almost dead.
Edmund hits you with a +3 dire flail of protection!
1834 ||| READING 2 scrolls of teleportation.
As you read the scroll of teleportation, it crumbles to dust.
You feel strangely unstable.
Edmund hits you with a +3 dire flail of protection!
You die...

#.# #.# #.#
#.# #.# #.#
#.#@# #.#@#
#.#.# #.#.#
#.#.# #.#.#
#######.#.#
..........#
#######.###
#.#


You could see Edmund.

Vanquished Creatures
  Natasha (D:4)
  An orc wizard (D:3)
  4 adders
  5 dart slugs
  6 orcs (D:3)
  7 bats
  7 endoplasms
  A giant cockroach (D:3)
  8 hobgoblins
  7 jackals
  6 kobolds
  2 quokkas
  4 ball pythons
  2 frilled lizards
  12 goblins
  5 rats (D:1)
78 creatures vanquished.

Notes
Turn   | Place    | Note
-------+----------+-------------------------------------------
     0 | D:1      | qw the Deep Elf Hunter began the quest for the Orb.
     0 | D:1      | Reached XP level 1. HP: 12/12 MP: 3/3
     0 | D:1      | 0 ||| qw: Version: 0.3-a-9-g12657ce
     0 | D:1      | 0 ||| qw: Game counter: 1979
     0 | D:1      | 0 ||| qw: Always use a shield: true
     0 | D:1      | 0 ||| qw: God list: Okawaru
     0 | D:1      | 0 ||| qw: Allow faded altars: false
     0 | D:1      | 0 ||| qw: Do Orc after D:15 true
     0 | D:1      | 0 ||| qw: Do second Lair branch before Depths: true
     0 | D:1      | 0 ||| qw: Lair rune preference: random
     0 | D:1      | 0 ||| qw: Plans: Normal
     0 | D:1      | 0 ||| PLANNING D:1-11
    88 | D:1      | Reached XP level 2. HP: 16/16 MP: 4/4
    93 | D:1      | Reached skill level 6 in Ranged Weapons
   257 | D:1      | Reached XP level 3. HP: 20/20 MP: 5/5
   461 | D:1      | 461 ||| UPGRADING to +3 leather armour.
   471 | D:1      | 471 ||| DROPPING +0 leather armour.
   472 | D:1      | 472 ||| READING scroll labelled YLOEPL GEVVE.
   473 | D:1      | 473 ||| READING scroll labelled IMNINL NIEDIPP.
   476 | D:1      | 476 ||| DROPPING scroll of butterflies.
   501 | D:2      | Reached skill level 7 in Ranged Weapons
   736 | D:2      | Reached XP level 4. HP: 25/25 MP: 6/6
  1031 | D:2      | 1031 ||| UPGRADING to +0 cloak.
  1036 | D:2      | 1036 ||| UPGRADING to +6 ring of dexterity.
  1037 | D:2      | 1037 ||| READING 2 scrolls labelled HOYS QEEDWULOPIO.
  1038 | D:2      | 1038 ||| READING 3 scrolls labelled EGAEDW WACWUYJ.
  1039 | D:2      | 1039 ||| READING 2 scrolls of enchant armour.
  1039 | D:2      | 1039 ||| ENCHANTING +0 cloak.
  1040 | D:2      | 1040 ||| READING scroll of enchant armour.
  1040 | D:2      | 1040 ||| ENCHANTING +1 cloak.
  1041 | D:2      | 1041 ||| DRINKING 2 bubbling yellow potions.
  1064 | D:3      | Reached skill level 3 in Dodging
  1485 | D:3      | Reached skill level 8 in Ranged Weapons
  1510 | D:3      | Reached XP level 5. HP: 29/29 MP: 7/7
  1713 | D:3      | 1713 ||| READING scroll labelled ZADUPLUENO.
  1714 | D:3      | 1714 ||| READING scroll labelled TUMEDA CYVET.
  1715 | D:3      | 1715 ||| READING scroll labelled TOK CYUFEGI.
  1716 | D:3      | 1716 ||| DRINKING 2 fizzy dark potions.
  1717 | D:3      | 1717 ||| READING 2 scrolls of identify.
  1717 | D:3      | 1717 ||| IDENTIFYING viscous golden potion
  1805 | D:4      | Noticed Natasha
  1810 | D:4      | Killed Natasha
  1816 | D:4      | Noticed Edmund
  1833 | D:4      | HP: 1/29 [Edmund/+3 dire flail of protection (9)]
  1834 | D:4      | 1834 ||| READING 2 scrolls of teleportation.
  1834 | D:4      | Mangled by Edmund

Levels and vault maps discovered:
D:1:      lemuel_arrival_room, layout_rooms, minmay_unequal
D:2:      layout_loops_ring, minivault_24
D:3:      layout_basic, chequers_serial_rivers_micro_b
D:4:      layout_basic, serial_bayou, serial_bayou_ford_a,
          serial_bayou_crossing, serial_bayou_lake_a, serial_bayou_pond_b,
          uniq_natasha, uniq_blork_the_orc, uniq_edmund

Skill      XL: |  1  2  3  4 |
---------------+-------------+-----
Ranged Weapons | 6 7 8 |  8.5
Dodging        | 3 |  3.2
Fighting       | |  1.5
Stealth        | |  1.2

Action                     |  1- 3 |  4- 6 || total
---------------------------+-------+-------++-------
   Fire: Shortbow          |   100 |   117 ||   217
    Use: Scroll            |     2 |     9 ||    11
         Potion            |       |     2 ||     2
 Armour: Leather armour    |    10 |     2 ||    12
  Dodge: Dodged            |    18 |    15 ||    33

Table legend:
 A = Non-vault XP
 B = Vault XP
 C = Vault XP percentage of total XP
 D = Non-vault monster count
 E = Vault monster count
 F = Vault count percentage of total count
                 A         B        C        D         E       F
            +---------+---------+-------+---------+---------+-------
      Total |     219 |      44 |  16.7 |      71 |       7 |   9.0
            +---------+---------+-------+---------+---------+-------
        D:1 |      47 |       9 |  16.1 |      27 |       6 |  18.2
        D:2 |      54 |       0 |   0.0 |      15 |       0 |   0.0
        D:3 |     117 |       0 |   0.0 |      28 |       0 |   0.0
        D:4 |       1 |      35 |  97.2 |       1 |       1 |  50.0
            +---------+---------+-------+---------+---------+-------
